 Dungeon Crawl Stone Soup version 0.22-a0-407-gb098539 (webtiles) character file.

17 dstrtnsr the Chopper (level 2, 13/27 HPs)
             Began as a Hill Orc Berserker on May 10, 2018.
             Was a Follower of Trog.
             Quit the game on level 1 of the Dungeon.
             The game lasted 00:00:32 (363 turns).

dstrtnsr the Chopper (Hill Orc Berserker)            Turns: 363, Time: 00:00:33

Health: 13/27      AC:  2    Str: 19    XL:     2   Next: 62%
Magic:  2/2        EV: 12    Int:  7    God:    Trog [*.....]
Gold:   0          SH:  0    Dex: 10    Spells: 1/1 levels left

rFire    . . .     SeeInvis .   a - +0 hand axe
rCold    . . .     Gourm    .   (no shield)
rNeg     . . .     Faith    .   b - +0 animal skin
rPois    .         Spirit   .   (no helmet)
rElec    .         Reflect  .   (no cloak)
rCorr    .         Harm     .   (no gloves)
MR       .....                  (no boots)
Stlth    +.........             (no amulet)
HPRegen  0.09/turn              (no ring)
MPRegen  0.08/turn              (no ring)

@: no status effects
A: no striking features
a: Berserk, Renounce Religion


You were on level 1 of the Dungeon.
You worshipped Trog.
Trog was aware of your devotion.
You were not hungry.

You visited 1 branch of the dungeon, and saw 1 of its levels.

Inventory:

Hand Weapons
 a - a +0 hand axe (weapon)
Armour
 b - a +0 animal skin (worn)
Scrolls
 c - a scroll of amnesia {unknown}
Comestibles
 d - 7 chunks of flesh
 e - a ration {!d}


   Skills:
 + Level 4.0 Fighting
 * Level 4.8 Axes
 - Level 2.1 Armour
 - Level 1.5 Dodging


You had one spell level left.
You didn't know any spells.

Dungeon Overview and Level Annotations

Branches:
Dungeon (1/15)

Altars:


Message History

A bat is nearby!
You closely miss the bat. The bat hits you but does no damage.
A bat is nearby!
The bat misses you. The bat closely misses you.
A bat is nearby!
You miss the bat. The bat hits you.
A bat is nearby!
You barely miss the bat. The bat hits you but does no damage.
You hit the bat.
The bat is severely wounded.
The bat misses you. The bat barely misses you.
You hit the bat.
You kill the bat!
Trog accepts your kill.
No target in view!
No target in view!
A rat and a giant cockroach come into view. 3 jackals come into view.
The jackal barks! x2
There are monsters nearby!
There are monsters nearby!
You hit the jackal.
The jackal is severely wounded.
You hit the rat. The jackal barely misses you. The rat closely misses you.
There are monsters nearby!
You hit the jackal.
The jackal is almost dead.
You hit the rat but do no damage. You closely miss the jackal.
You hit the giant cockroach but do no damage.
The jackal completely misses you. The rat misses you. The jackal misses you.
The giant cockroach bites you but does no damage.
The jackal bites you but does no damage.
There are monsters nearby!
You hit the jackal.
You kill the jackal!
Trog accepts your kill.
You closely miss the rat. You barely miss the jackal.
You hit the giant cockroach but do no damage.
The jackal barely misses you. The rat bites you. The giant cockroach bites you.
The jackal bites you. The jackal barely misses you.
You hit the jackal but do no damage. You hit the rat.
You kill the rat!
Trog accepts your kill.
You hit the jackal but do no damage. You hit the giant cockroach.
The giant cockroach bites you. The jackal barely misses you. x2
The giant cockroach closely misses you. The jackal barely misses you.
There are monsters nearby!
You hit the giant cockroach but do no damage.
The giant cockroach is moderately wounded.
You hit the jackal but do no damage. x2; The jackal closely misses you.
The jackal barely misses you. The giant cockroach bites you.
The jackal bites you but does no damage.
You hit the giant cockroach.
You kill the giant cockroach!
Trog accepts your kill.
Your Fighting skill increases to level 4!
You closely miss the jackal. You hit the jackal but do no damage.
The jackal barely misses you. The jackal closely misses you.
The jackal barely misses you.
You closely miss the jackal. You hit the jackal. The jackal barely misses you.
The jackal closely misses you. The jackal bites you.
You slash the jackal!
You kill the jackal!
Trog accepts your kill.
You hit the jackal. The jackal misses you.
The jackal bites you but does no damage.
Unknown command.
You barely miss the jackal.
The jackal is heavily wounded.
The jackal bites you.
Unknown command.
You closely miss the jackal.
The jackal is heavily wounded.
The jackal bites you but does no damage.
The jackal misses you.
You miss the jackal.
The jackal is heavily wounded.
The jackal bites you.
A jackal is nearby!
You closely miss the jackal.
The jackal is heavily wounded.
The jackal misses you. The jackal bites you.
Unknown command.
Unknown command.
Unknown command.
You hit the jackal.
You kill the jackal!
Trog accepts your kill.
You see here a jackal corpse.
What are your orders? t - Shout!
Orders for allies: a - Attack new target. r - Retreat! s - Stop attacking. g - Guard the area. f - Follow me.
Anything else - Cancel.
Okay, then.
Welcome back, dstrtnsr the Hill Orc Berserker.
Trog says: Kill them all!
Press ? for a list of commands and other information.
Are you sure you want to abandon this character and quit the game? (Confirm with "yes".)

###########
#..........
##..........
#........... ####
#........... ...
#...###.####
######.#########.#
#.#
...............#.#
#.# #...†@..# #.#
#.# #......†#.#
#.# #.#
#.#.....#.#####.#
#.####
#.....#.#.......#
#.#...
#.......#########
#..... #..####.#
#.# #..... #.. ..#
#'# #..... ..
#.####.#### #.#...
#.'...'.# #.#...


There were no monsters in sight!

Vanquished Creatures
  4 giant cockroaches (D:1)
  A hobgoblin (D:1)
  3 jackals (D:1)
  A kobold (D:1)
  A bat (D:1)
  6 rats (D:1)
16 creatures vanquished.

Notes
Turn   | Place    | Note
-------+----------+-------------------------------------------
     0 | D:1      | dstrtnsr the Hill Orc Berserker began the quest for the Orb.
     0 | D:1      | Reached XP level 1. HP: 19/19 MP: 1/1
   211 | D:1      | Reached XP level 2. HP: 27/27 MP: 2/2
   363 | D:1      | Quit the game

Vault maps used:
D:1:      onia_arrival_larder, roderic_lattice_a

Skill      XL: |  1  2 |
---------------+-------+-----
Fighting       | 4 |  4.0
Axes           | |  4.8
Armour         | |  2.1
Dodging        | |  1.5

Action                   || total
-------------------------++-------
Melee: Hand axe          ||    46
 Stab: Sleeping          ||     2
Armor: Animal skin       ||    12
Dodge: Dodged            ||    40

Table legend:
 A = Spawn XP
 B = Non-spawn XP
 C = Spawn XP percentage of total XP
 D = Spawn monster count
 E = Non-spawn monster count
 F = Spawn count percentage of total count
 G = Total turns spent on level
                    A         B        C        D         E        F      G
               +---------+---------+-------+---------+---------+-------+---------
         Total |       0 |      25 |   0.0 |       0 |      16 |   0.0 |   363
               +---------+---------+-------+---------+---------+-------+---------
           D:1 |       0 |      25 |   0.0 |       0 |      16 |   0.0 |   363
               +---------+---------+-------+---------+---------+-------+---------
